 Dungeon Crawl Stone Soup version 0.20-a0-553-g9f38e11 (webtiles) character file.

12411 krabocopter the Carver (level 12, -4/97 HPs)
             Began as a Formicid Fighter on Feb 2, 2017.
             Was a Believer of Ru.
             Slain by Snorg (9 damage)
             ... on level 11 of the Dungeon on Feb 3, 2017.
             The game lasted 00:47:03 (11710 turns).

krabocopter the Carver (Formicid Fighter)          Turns: 11710, Time: 00:47:05

Health: -4/97      AC: 16    Str: 25    XL:     12   Next: 19%
Magic:  0/12       EV:  9    Int:  9    God:    Ru [**....]
Gold:   732        SH: 12    Dex: 14    Spells: 11/11 levels left

rFire    . . .     SeeInvis +   I - +2 long sword
rCold    . . .     Gourm    .   A - +0 plate armour
rNeg     . . .     Faith    .   c - +0 shield
rPois    +         Spirit   +   (helmet unavailable)
rElec    .         Reflect  .   H - +0 cloak
rCorr    .         Harm     .   J - +0 pair of gloves
MR       +....                  (no boots)
Stlth    ..........             a - amulet of guardian spirit
Regen    0.3/turn               h - ring of poison resistance
                                g - +4 ring of strength

@: no status effects
A: permanent stasis, dig shafts and tunnels, four strong arms, antennae 3,
screaming 1, no stealth, hated by all, disrupted magic 1
a: Dig, Shaft Self, Renounce Religion


You were on level 11 of the Dungeon.
You worshipped Ru.
Ru was pleased with you.
You were not hungry.

You visited 1 branch of the dungeon, and saw 11 of its levels.
You also visited: Bailey.

You collected 732 gold pieces.

Inventory:

Hand Weapons
 n - a +2 scimitar
 z - a +2 glaive of flaming
 I - a +2 long sword (weapon)
Armour
 c - a +0 shield (worn)
 x - a +0 troll leather armour
 A - a +0 plate armour (worn)
 H - a +0 cloak (worn)
 J - a +0 pair of gloves (worn)
Jewellery
 a - an amulet of guardian spirit (around neck)
 g - a +4 ring of strength (left hand)
 h - a ring of poison resistance (right hand)
 v - an uncursed amulet of harm
 y - a +2 ring of strength
 B - an uncursed ring of protection from cold
 L - a +3 amulet of reflection {unknown}
Wands
 d - a wand of lightning (10/15)
 k - a wand of lightning (6/15)
 M - a wand of disintegration (8/24)
Scrolls
 e - 2 scrolls of enchant weapon
 i - 3 scrolls of identify
 j - a scroll of random uselessness {unknown}
 l - a scroll of noise {unknown}
 m - 5 scrolls of blinking {unknown}
 o - 2 scrolls of amnesia {unknown}
 q - 2 scrolls of enchant armour {unknown}
 s - 5 scrolls of remove curse
 u - 2 scrolls of magic mapping {unknown}
 F - 2 scrolls of fog {unknown}
 G - 2 scrolls of immolation {unknown}
Potions
 r - 4 potions of curing
 C - 2 potions of lignification
Books
 t - a book of Minor Magic

   Spells                             Type                      Level
   a - Magic Dart                     Conjuration                  1
   b - Blink                          Translocation                2
   c - Call Imp                       Summoning                    2
   d - Repel Missiles                 Charms/Air                   2
   e - Slow                           Hexes                        2
   f - Conjure Flame                  Conjuration/Fire             3
   g - Mephitic Cloud                 Conjuration/Poison/Air       3
 D - a book of Changes

   Spells                             Type                      Level
   a - Beastly Appendage              Transmutation                1
   b - Sticks to Snakes               Transmutation                2
   c - Spider Form                    Transmutation/Poison         3
   d - Ice Form                       Ice/Transmutation            4
   e - Blade Hands                    Transmutation                5
 E - a book of Maledictions

   Spells                             Type                      Level
   a - Corona                         Hexes                        1
   b - Ensorcelled Hibernation        Hexes/Ice                    2
   c - Confuse                        Hexes                        3
   d - Tukima's Dance                 Hexes                        3
   e - Dazzling Spray                 Conjuration/Hexes            3
Comestibles
 f - 6 bread rations
 p - 4 meat rations
 w - 16 royal jellies
 K - 10 chunks of flesh


   Skills:
 + Level 10.0 Fighting
 + Level 11.5 Long Blades
 + Level 9.0 Armour
 - Level 4.4 Dodging
 - Level 10.1 Shields


You had 11 spell levels left.
You didn't know any spells.

Dungeon Overview and Level Annotations

Branches:
Dungeon (11/15)            Temple (0/1) D:5            Lair (0/6) D:8
    Orc (0/2) D:10

Altars:
Ashenzari
Dithmenos
Gozag
Hepliaklqana
Makhleb
Nemelex Xobeh
Ru
Uskayaw
Vehumet
Yredelemnul

Shops:
D:10 (

Annotations:
D:11 Snorg


Innate Abilities, Weirdness & Mutations

You cannot be hasted, slowed, berserked, paralysed or teleported.
You can dig through walls and to a lower floor.
Your four strong arms can wield two-handed weapons with a shield.
You have a pair of large antennae on your head. (SInv)
You occasionally shout uncontrollably at your foes.
You cannot be stealthy.
You are hated by all.
Your casting is slightly disrupted.


Message History

Snorg is moderately wounded.
Snorg bites you but does no damage. You block Snorg's attack. Snorg claws you.
You slash Snorg!
Snorg is moderately wounded.
You block Snorg's attack. Snorg claws you!
* * * LOW HITPOINT WARNING * * *
Snorg barely misses you.
You slash Snorg!
Snorg is moderately wounded.
Snorg bites you but does no damage. Snorg claws you.
* * * LOW HITPOINT WARNING * * *
You block Snorg's attack.
You slash Snorg!
Snorg is heavily wounded.
You block Snorg's attack. x2; Snorg closely misses you.
Snorg bites you!
* * * LOW HITPOINT WARNING * * *
Snorg claws you!
* * * LOW HITPOINT WARNING * * *
Snorg claws you!
You die...

#.......{..
##.....##
#..5### #...#
#..## #..#
#..## #####
##T.## ##....
#@..## #.....
##...## #...##
###..## ##..##
#...## #...#
##...####...##
##....#.....##
##....##.....
#...#####...
##...# ###.


You could see Snorg (berserk) and a crimson imp.

Vanquished Creatures
  Fannar (D:11)
  A two-headed ogre (D:9)
  A cyclops (D:11)
  2 deep elf magi
  Maurice (D:8)
  A gargoyle (D:11)
  2 trolls
  Grinder (D:4)
  A hippogriff (D:9)
  Sigmund (D:4)
  Grum (D:9)
  2 hungry ghosts
  Duvessa (D:7)
  A water moccasin (D:10)
  6 orc warriors
  3 ice beasts
  3 sky beasts
  7 phantoms
  2 black bears
  An eye of draining (D:10)
  2 necrophages
  7 ogres
  4 wolves
  6 centaurs
  A crocodile (D:10)
  2 big kobolds (D:8)
  11 bullfrogs
  A scorpion (D:11)
  Dowan (D:7)
  4 killer bees (D:10)
  14 wights
  3 electric eels (D:8)
  3 howler monkeys (D:8)
  3 crimson imps
  A centaur zombie (D:10)
  A quasit (D:10)
  5 orc priests
  2 bullfrog skeletons
  6 hounds
  4 jellies (D:9)
  2 orc wizards
  4 centaur skeletons
  An iguana (D:6)
  Natasha (thrice) (D:4)
  10 worker ants
  2 hound zombies (D:5)
  A hound skeleton (D:10)
  3 worker ant zombies
  7 adders
  7 gnolls
  A howler monkey skeleton (D:5)
  4 shadow imps
  5 oozes (D:9)
  An adder zombie (D:5)
  3 adder skeletons
  2 worms
  3 dart slugs
  6 leopard geckos
  54 orcs
  A ball python (D:1)
  6 bats
  5 giant cockroaches
  10 goblins
  7 hobgoblins
  9 jackals
  3 quokkas
  3 frilled lizards (D:3)
  A jackal skeleton (D:7)
  A jackal zombie (D:6)
  18 kobolds
  A leopard gecko skeleton (D:4)
  A quokka zombie (D:7)
  11 rats
316 creatures vanquished.

Vanquished Creatures (others)
  A deep elf mage (Bailey)
  A hound (D:9)
  An orc (D:8)
3 creatures vanquished.

Grand Total: 319 creatures vanquished

Notes
Turn   | Place    | Note
-------+----------+-------------------------------------------
     0 | D:1      | krabocopter the Formicid Fighter began the quest for the Orb.
     0 | D:1      | Reached XP level 1. HP: 18/18 MP: 1/1
    78 | D:1      | Reached XP level 2. HP: 13/24 MP: 2/2
   429 | D:1      | Reached skill level 3 in Long Blades
   457 | D:1      | Reached XP level 3. HP: 24/29 MP: 3/3
   825 | D:2      | Reached XP level 4. HP: 28/37 MP: 4/4
  1151 | D:2      | Reached skill level 4 in Long Blades
  1209 | D:2      | Reached XP level 5. HP: 42/42 MP: 5/5
  1624 | D:3      | Found a burning altar of Makhleb.
  1632 | D:3      | Found a sacrificial altar of Ru.
  1633 | D:3      | Found a hazy altar of Hepliaklqana.
  1635 | D:3      | Found a shattered altar of Ashenzari.
  1663 | D:3      | Became a worshipper of Ru the Awakened
  1913 | D:3      | Reached XP level 6. HP: 46/49 MP: 6/6
  2382 | D:4      | Noticed Sigmund
  2395 | D:4      | Killed Sigmund
  2395 | D:4      | Reached skill level 5 in Fighting
  2395 | D:4      | Reached skill level 5 in Long Blades
  2395 | D:4      | Reached XP level 7. HP: 38/56 MP: 7/7
  2503 | D:4      | Noticed Natasha
  2538 | D:4      | Killed Natasha
  2538 | D:4      | Reached skill level 6 in Long Blades
  2612 | D:4      | Noticed Natasha
  2614 | D:4      | Killed Natasha
  2630 | D:4      | Noticed Natasha
  2658 | D:4      | Killed Natasha
  2663 | D:4      | Gained mutation: Your casting is slightly disrupted. [Ru sacrifice]
  2665 | D:4      | Noticed Grinder
  2679 | D:4      | Killed Grinder
  2679 | D:4      | Reached XP level 8. HP: 16/64 MP: 8/8
  2933 | D:4      | Reached skill level 7 in Long Blades
  3274 | D:5      | Entered Level 5 of the Dungeon
  3319 | D:5      | Found a staircase to the Ecumenical Temple.
  3953 | D:5      | Reached skill level 8 in Long Blades
  4073 | D:5      | Found a hide-covered altar of Uskayaw.
  4073 | D:5      | Found a basalt altar of Yredelemnul.
  4653 | D:6      | Reached XP level 9. HP: 54/72 MP: 9/9
  4864 | D:6      | Upgraded the game from 0.20-a0-550-gf70bbbc to 0.20-a0-553-g9f38e11
  5328 | D:6      | Reached skill level 5 in Shields
  5626 | D:6      | Found a radiant altar of Vehumet.
  5650 | D:6      | Reached skill level 5 in Armour
  5860 | D:7      | Gained mutation: You cannot be stealthy. [Ru sacrifice]
  5860 | D:7      | Reached * piety under Ru
  5883 | D:7      | Reached skill level 9 in Long Blades
  5899 | D:7      | Found an opulent altar of Gozag.
  6019 | D:7      | HP: 3/108 [orc warrior/glaive of flaming (3)]
  6373 | D:7      | Reached XP level 10. HP: 55/79 MP: 10/10
  6382 | D:7      | Found a flagged portal.
  6391 | Bailey   | Entered a bailey
  6397 | Bailey   | Noticed a deep elf mage
  6409 | Bailey   | Killed a deep elf mage
  6707 | Bailey   | Noticed a deep elf mage
  6709 | Bailey   | Noticed a deep elf mage
  6709 | Bailey   | Noticed a deep elf mage
  6715 | Bailey   | Killed a deep elf mage
  6716 | Bailey   | Noticed a deep elf mage
  6716 | Bailey   | Noticed a deep elf mage
  6732 | D:7      | Killed a deep elf mage
  6732 | D:7      | Reached skill level 10 in Long Blades
  6732 | D:7      | Reached skill level 10 in Shields
  7046 | D:7      | Noticed Duvessa
  7046 | D:7      | Noticed Dowan
  7901 | D:7      | Killed Dowan
  7937 | D:7      | Killed Duvessa
  8036 | D:8      | Found a shadowy altar of Dithmenos.
  8138 | D:8      | Reached XP level 11. HP: 59/87 MP: 9/11
  8343 | D:8      | Found a staircase to the Lair.
  8348 | D:8      | Reached skill level 11 in Long Blades
  8422 | D:8      | Gained mutation: You occasionally shout uncontrollably at your foes. [Ru sacrifice]
  8688 | D:8      | Reached skill level 1 in Dodging
  9126 | D:8      | Noticed Maurice
  9142 | D:8      | Killed Maurice
  9603 | D:9      | Found a sparkling altar of Nemelex Xobeh.
  9658 | D:9      | Noticed a two-headed ogre
  9686 | D:9      | Killed a two-headed ogre
 10145 | D:9      | Noticed Grum
 10173 | D:9      | Killed Grum
 10197 | D:10     | Entered Level 10 of the Dungeon
 10427 | D:10     | Found a staircase to the Orcish Mines.
 10429 | D:10     | Found Osaude Jius's Weapon Emporium.
 11195 | D:11     | Reached XP level 12. HP: 85/96 MP: 12/12
 11197 | D:11     | Noticed Fannar
 11271 | D:11     | Killed Fannar
 11588 | D:11     | Reached skill level 10 in Fighting
 11691 | D:11     | Noticed Snorg
 11698 | D:11     | Gained mutation: You are hated by all. [Ru sacrifice]
 11698 | D:11     | Reached ** piety under Ru
 11710 | D:11     | Slain by Snorg

Vault maps used:
D:1:      mushboom_english_gardens, minmay_tiny_reverse_x
D:2:      first_bread
D:3:      minitemple, grunt_ministairs_12
D:4:      minmay_crystal_room, uniq_natasha, uniq_sigmund, uniq_grinder
D:5:      gammafunk_temple_overflow_elements, minmay_temple_entry_glassed_door
D:6:      lemuel_statue_altar
D:7:      grunt_gozag_breadcrumbs, enter_bailey_3, uniq_duvessa
D:8:      nicolae_dithmenos_the_darkroom, erik_lair_island, uniq_maurice
D:9:      hangedman_little_slice_of_home, nemelex_lonely_heart_becter, uniq_grum
D:10:     orc_david_3
D:11:     minivault_1, uniq_fannar, uniq_snorg
Bailey:   bailey_polearm_3, bailey

Skill      XL: |  1  2  3  4  5  6  7  8  9 10 11 12 |
---------------+-------------------------------------+-----
Long Blades    | 3 4 5 6 8 9 10 11 | 11.5
Fighting       | 4 5 6 7 8 9 10 | 10.0
Armour         | 5 8 9 |  9.0
Shields        | 7 10 | 10.1
Dodging        | 4 |  4.4

Action                   |  1- 3 |  4- 6 |  7- 9 | 10-12 || total
-------------------------+-------+-------+-------+-------++-------
Melee: Long sword        |    81 |   183 |   460 |   867 ||  1591
Invok: Sacrifice Essence |       |       |     1 |       ||     1
       Sacrifice Stealth |       |       |     1 |       ||     1
       Sacrifice Purity  |       |       |       |     1 ||     1
       Sacrifice Love    |       |       |       |     1 ||     1
  Use: Potion            |       |       |     5 |     9 ||    14
       Scroll            |       |       |     3 |     5 ||     8
 Stab: Distracted        |       |       |       |     3 ||     3
       Invisible         |       |       |       |     2 ||     2
  Eat: Chunk             |       |     5 |    14 |    17 ||    36
       Fruit             |       |       |       |     2 ||     2
       Meat ration       |       |       |       |     1 ||     1
Armor: Scale mail        |    33 |    39 |    71 |       ||   143
       Plate armour      |       |       |    42 |   243 ||   285
       Skin              |       |       |    22 |       ||    22
Dodge: Dodged            |    29 |    50 |    88 |   162 ||   329
Block: Shield            |    51 |    81 |   224 |   423 ||   779
       Rpst.: Long sword |     9 |    17 |    26 |    43 ||    95
